 Dungeon Crawl Stone Soup version 0.18.1-8-gdd0e5ea (webtiles) character file.

347 Gagarin the Covert (level 6, 0/36 HPs)
             Began as a Kobold Assassin on June 7, 2016.
             Slain by a jelly (2 damage)
             ... on level 6 of the Dungeon.
             The game lasted 00:08:57 (2586 turns).

Gagarin the Covert (Kobold Assassin)                Turns: 2586, Time: 00:08:57

Health: 0/36       AC: -5    Str: 10    XL:     6   Next: 90%
Magic:  6/6        EV: 15    Int:  9    God:
Gold:   254        SH:  0    Dex: 19    Spells: 0 memorised, 5 levels left

rFire  + . .     SeeInvis .     a - +2 dagger
rCold  . . .     Gourm    .     f - +2 robe {rF+}
rNeg   . . .     Faith    .     (shield restricted)
rPois  .         Spirit   .     (no helmet)
rElec  .         Dismiss  .     s - +2 cloak
rCorr  .         Reflect  .     (no gloves)
SustAt .         Harm     .     (no boots)
MR     .....                    (no amulet)
Stlth  +++++.....               (no ring)
                                (no ring)

@: corroded, not resistant to hostile enchantments, quite stealthy
A: carnivore 3
a: no special abilities


You were on level 6 of the Dungeon.
You were very full.

You visited 1 branch of the dungeon, and saw 4 of its levels.

You collected 254 gold pieces.

Inventory:

Hand Weapons
 a - a +2 dagger (weapon)
 b - a +0 blowgun
Missiles
 e - 7 poisoned needles
 l - 53 arrows
 r - 2 curare-tipped needles
 u - 14 bolts
Armour
 f - a +2 robe of fire resistance (worn)
 k - a +0 cloak
 s - a +2 cloak (worn)
Jewellery
 m - an uncursed ring of sustain attributes {unknown}
 t - an uncursed amulet of magic regeneration {unknown}
 y - a +6 ring of slaying {unknown}
Scrolls
 c - 3 scrolls of enchant armour {unknown}
 d - 3 scrolls of remove curse {unknown}
 h - a scroll of fear {unknown}
 i - a scroll of fog {unknown}
 o - 3 scrolls of identify {unknown}
 p - a scroll of random uselessness {unknown}
 w - a scroll of teleportation {unknown}
Potions
 j - 2 potions of heal wounds {unknown}
 q - 2 potions of cancellation {unknown}
 x - a potion of flight {unknown}
 z - a potion of might {unknown}
 A - a potion of mutation {unknown}
Comestibles
 g - 5 meat rations
 n - a beef jerky


   Skills:
 + Level 2.4 Fighting
 + Level 3.5 Short Blades
 + Level 2.7 Throwing
 + Level 2.4 Dodging
 * Level 9.7 Stealth


You had 5 spell levels left.
You didn't know any spells.

Dungeon Overview and Level Annotations

Branches:
Dungeon (3/15)

Altars:
Fedhas
Nemelex Xobeh

Shops:
D:6 *


Innate Abilities, Weirdness & Mutations

You are small and have problems with some larger weapons.
You are carnivorous and can eat meat at any time.


Message History

You hit the jelly.
Your hands burn!
The jelly is moderately wounded.
The jelly barely misses you.
You hit the jelly but do no damage.
Your hands burn!
The jelly is moderately wounded.
The jelly hits you.
You are splashed with acid!
The acid corrodes you!
The acid burns!
You hit the jelly. The acid corrodes you!
Your hands burn!
The jelly is moderately wounded.
The jelly misses you.
You hit the jelly.
Your hands burn!
The jelly is severely wounded.
The jelly hits you.
You are splashed with acid!
The acid corrodes you!
The acid burns!
* * * LOW HITPOINT WARNING * * *
You hit the jelly but do no damage.
Your hands burn!
* * * LOW HITPOINT WARNING * * *
The jelly is severely wounded.
The jelly hits you.
You die...

#.##..... #.......#
##.......# .........#
.#.......# #.........##
#..#.......#
...#######J######. .. #...#
####@.....>.
..#####.#.###........###
.....##.#.##..#####.....
........#....#### .....
#.............## .... #
#..............# ...
.##.........####......Z....
.......###### ..........
.....### .........


You could see a jelly.

Vanquished Creatures
  Sigmund (D:2)
  An ogre (D:6)
  A worker ant (D:6)
  2 adders
  A gnoll (D:1)
  An adder skeleton (D:6)
  A worm (D:2)
  3 giant geckos
  An orc (D:3)
  10 giant cockroaches
  5 goblins
  5 hobgoblins
  4 jackals (D:2)
  7 kobolds
  2 quokkas (D:3)
  A ball python (D:1)
  3 bats (D:1)
  2 giant newts
  10 rats
61 creatures vanquished.

Notes
Turn   | Place    | Note
--------------------------------------------------------------
     0 | D:1      | Gagarin the Kobold Assassin began the quest for the Orb.
     0 | D:1      | Reached XP level 1. HP: 12/12 MP: 1/1
   132 | D:1      | Reached XP level 2. HP: 17/17 MP: 2/2
   355 | D:1      | Reached skill level 6 in Stealth
   496 | D:1      | Reached XP level 3. HP: 20/21 MP: 3/3
   781 | D:2      | Noticed Sigmund
   794 | D:2      | Killed Sigmund
   794 | D:2      | Reached skill level 8 in Stealth
   794 | D:2      | Reached XP level 4. HP: 26/26 MP: 4/4
   794 | D:2      | Reached XP level 5. HP: 30/30 MP: 5/5
  1266 | D:2      | Reached XP level 6. HP: 35/35 MP: 6/6
  1442 | D:3      | Found a sparkling altar of Nemelex Xobeh.
  1449 | D:3      | Found a blossoming altar of Fedhas.
  1984 | D:3      | You fall through a shaft for 3 floors!
  2012 | D:6      | Found Xeubu's Assorted Antiques.
  2052 | D:6      | Noticed an ogre
  2163 | D:6      | Killed an ogre
  2163 | D:6      | Reached skill level 9 in Stealth
  2583 | D:6      | HP: 1/36 [acid (4)]
  2586 | D:6      | Slain by a jelly

Skill      XL: |  1  2  3  4  5  6 |
---------------+-------------------+-----
Stealth        | 6 8 9 |  9.7
Short Blades   | 3 |  3.5
Dodging        | 2 |  2.4
Fighting       | |  2.4
Throwing       | |  2.7

Action                   |  1- 3 |  4- 6 || total
-------------------------+-------+-------++-------
Melee: Dagger            |    53 |    87 ||   140
 Fire: Blowgun           |     9 |    18 ||    27
 Stab: Sleeping          |     7 |    17 ||    24
  Eat: Chunk             |     8 |     5 ||    13
Armor: Robe              |     5 |     8 ||    13
Dodge: Dodged            |    32 |    53 ||    85
